 Dungeon Crawl Stone Soup version 0.23.0-3-gf3c87f2 (webtiles) character file.

Game seed: 12345182595572129568

77 misha the Skirmisher (level 4, 0/40 HPs)
             Began as a Hill Orc Fighter on Feb 22, 2019.
             Succumbed to a goblin's poison
             ... on level 2 of the Dungeon.
             The game lasted 00:05:34 (1869 turns).

misha the Skirmisher (Hill Orc Fighter)             Turns: 1869, Time: 00:05:34

Health: 0/40       AC:  7    Str: 19    XL:     4   Next: 33%
Magic:  4/4        EV:  7    Int:  8    God:
Gold:   45         SH:  9    Dex: 10    Spells: 3/3 levels left

rFire    . . .     SeeInvis .   a - +1 war axe
rCold    . . .     Gourm    .   c - +0 shield
rNeg     . . .     Faith    .   b - +0 scale mail
rPois    .         Spirit   .   (no helmet)
rElec    .         Reflect  .   (no cloak)
rCorr    .         Harm     .   (no gloves)
MR       .....                  (no boots)
Stlth    ..........             (no amulet)
HPRegen  0.13/turn              (no ring)
MPRegen  0.09/turn              (no ring)

@: lethally poisoned (0 -> -8)
A: no striking features
a: no special abilities


You were on level 2 of the Dungeon.
You were not hungry.

You visited 1 branch of the dungeon, and saw 2 of its levels.

You collected 45 gold pieces.

Inventory:

Hand Weapons
 a - a +1 war axe (weapon)
Missiles
 e - 63 arrows
 l - 67 stones (quivered)
 m - 5 tomahawks
Armour
 b - a +0 scale mail (worn)
 c - a +0 shield (worn)
Potions
 d - a potion of might
 g - a potion of lignification {unknown}
 h - a potion of curing {unknown}
 i - a potion of degeneration {unknown}
 j - a potion of cancellation {unknown}
 p - a potion of agility {unknown}
Comestibles
 n - 2 rations


   Skills:
 + Level 4.2 Fighting
 + Level 3.8 Axes
 + Level 3.8 Armour
 - Level 0.2 Dodging
 + Level 4.1 Shields


You had 3 spell levels left.
You didn't know any spells.
Your spell library was empty.

Dungeon Overview and Level Annotations

Branches:
Dungeon (2/15)

Altars:
Qazlal

Annotations:
D:2 Robin


Message History

The goblin hits you but does no damage.
As you read the scroll labeled HEB WOOCVODU, it crumbles to dust.
You feel blessed for a moment.
It was a scroll of remove curse.
* * * LOW HITPOINT WARNING * * *
You feel sick. The goblin barely misses you.
The goblin hits you but does no damage.
Unknown command.
As you read the scroll labeled QUVOSI MYQEELAPO, it crumbles to dust.
It is a scroll of enchant weapon.
Your +0 war axe glows red for a moment.
* * * LOW HITPOINT WARNING * * *
You feel sick.
The goblin no longer looks unusually strong. x2
The goblin hits you.
* * * LOW HITPOINT WARNING * * *
You block the goblin's attack.
As you read the scroll labeled BOUPHIR TO WEI, it crumbles to dust.
The creatures around you are filled with an inner flame!
It was a scroll of immolation.
You die...

*******************,*
**********.# ******,,,,,,,,..#
*,,,,,,,******#.#############
*,***#,,* #.............. *,*
#.,* #.........####. *,####..####
#..######.# #.
***,g......gg####..### #.# #.
*,,,..##..##gg@g.....# #.# #. *
*,*,*,*#.,#######..#.# #.# ## *
*,*,,,..,,.........#.# #.# # *
*,*,*.g*,,.........#>####.#####
***,,,..,*,,.....................
,,,**,#*,***###........#########.
,,,**,**,* #.#.###..# #......
,,,**,**,* #.#.* #..# #.####.
****,,**,* *#,#.**#..# #.# ##


You could see Robin (inner flame), a hobgoblin (inner flame) and 3 goblins.

Vanquished Creatures
  3 gnolls (D:2)
  An adder (D:2)
  A worm (D:2)
  A dart slug (D:1)
  10 goblins
  A hobgoblin (D:1)
  3 jackals (D:1)
  4 kobolds
  A ball python (D:1)
  3 bats (D:1)
  2 frilled lizards
  2 rats (D:1)
32 creatures vanquished.

Notes
Turn   | Place    | Note
-------+----------+-------------------------------------------
     0 | D:1      | misha the Hill Orc Fighter began the quest for the Orb.
     0 | D:1      | Reached XP level 1. HP: 19/19 MP: 1/1
   272 | D:1      | Reached XP level 2. HP: 27/27 MP: 2/2
  1309 | D:2      | Reached XP level 3. HP: 33/33 MP: 3/3
  1472 | D:2      | Reached XP level 4. HP: 29/40 MP: 4/4
  1806 | D:2      | Found a stormy altar of Qazlal.
  1852 | D:2      | Noticed Robin
  1868 | D:2      | HP: 1/40 [goblin[Robin] (2)]
  1869 | D:2      | Succumbed to a goblin's poison

Skill      XL: |  1  2  3 |
---------------+----------+-----
Axes           | 3 |  3.8
Fighting       | 4 |  4.2
Shields        | 4 |  4.1
Armour         | |  3.8
Dodging        | |  0.2

Action                   |  1- 3 |  4- 6 || total
-------------------------+-------+-------++-------
Melee: War axe           |    97 |    29 ||   126
  Use: Scroll            |       |     4 ||     4
  Eat: Ration            |     1 |       ||     1
Armor: Scale mail        |    63 |    21 ||    84
Dodge: Dodged            |    38 |    12 ||    50
Block: Shield            |    68 |    22 ||    90
